 Dungeon Crawl Stone Soup version 0.30-a0-757-ga6a79fd877 (webtiles) character file.

Game seed: 7040458928067675472

8 cforsyth the Caller (level 2, 0/15 HPs)
             Began as a Tengu Summoner on Feb 9, 2023.
             Slain by a quokka (4 damage)
             ... on level 1 of the Dungeon.
             The game lasted 00:00:34 (185 turns).

cforsyth the Caller (Tengu Summoner)                 Turns: 185, Time: 00:00:35

Health: 0/15       AC:  2    Str:  8    XL:     2   Next: 8%
Magic:  5/6        EV: 12    Int: 15    God:
Gold:   39         SH:  0    Dex: 14    Spells: 2/5 levels left

rFire   . . .      SeeInvis .    (no weapon)
rCold   . . .      Faith    .    (no shield)
rNeg    . . .      Spirit   .    a - +0 robe
rPois   .          Reflect  .    (helmet restricted)
rElec   .          Harm     .    (no cloak)
rCorr   .          Rampage  .    (no gloves)
Will    .....                    (boots unavailable)
Stlth   ++                       (no amulet)
HPRegen 0.22/turn                (no ring)
MPRegen 0.10/turn                (no ring)

@: no status effects
A: beak, talons 3
a: no special abilities


You were on level 1 of the Dungeon.
You visited 1 branch of the dungeon, and saw 1 of its levels.

You collected 39 gold pieces.

Inventory:

Missiles
 d - 2 throwing nets
Armour
 a - a +0 robe (worn)
Potions
 b - a potion of magic
 c - a potion of mutation {unknown}


   Skills:
 - Level 2.1 Dodging
 - Level 2.0 Stealth
 + Level 2.3 Spellcasting
 + Level 5.1 Summonings


You had 2 spell levels left.
You knew the following spells:

 Your Spells              Type           Power      Damage    Failure   Level
a - Summon Small Mammal   Summ           68%        N/A       2%          1
b - Call Imp              Summ           17%        N/A       4%          2

Your spell library contained the following spells:

 Spells                   Type           Power      Damage    Failure   Level
 Call Canine Familiar     Summ           17%        N/A       8%          3
 Summon Guardian Golem    Hex/Summ       9%         N/A       22%         3
 Summon Lightning Spire   Summ/Air       9%         N/A       58%         4


Dungeon Overview and Level Annotations

Branches:
Dungeon (1/15)

Altars:

Shops:
D:1 (


Innate Abilities, Weirdness & Mutations

You have a beak for a mouth.
You have claws for feet.


Message History

The kobold throws a stone.
The stone closely misses your rat. The stone hits you but does no damage.
Your bat closely misses the kobold.
A quokka comes into view.
Your bat closely misses the kobold.
Your bat hits the kobold but does no damage.
Your rat bites the kobold.
The kobold throws a stone.
The stone hits your bat.
Your bat barely misses the kobold.
Your bat barely misses the kobold. x2; Your rat closely misses the kobold.
Your bat hits the kobold but does no damage.
The kobold throws a stone.
The stone closely misses your bat. The stone hits you.
Your bat closely misses the kobold.
Your rat bites the kobold.
Your bat hits the kobold but does no damage.
The quokka barely misses you.
The kobold hits your rat with a +0 dagger.
Your rat dies!
Your rat's corpse disappears in a puff of smoke!
The quokka closely misses you. The kobold barely misses you.
Your bat misses the kobold. Your bat hits the kobold.
The kobold dies!
The quokka bites you.
Your bat barely misses the quokka.
The quokka bites you.
Your bat misses the quokka. The quokka misses you.
Your bat hits the quokka but does no damage.
Your bat hits the quokka but does no damage.
Your bat misses the quokka. The quokka barely misses you.
The quokka closely misses you.
Your bat disappears in a puff of smoke!
The quokka bites you.
Your bat barely misses the quokka.
Your bat closely misses the quokka.
The quokka barely misses you. The quokka closely misses you.
Your bat hits the quokka but does no damage.
Your bat hits the quokka but does no damage.
The quokka bites you. The quokka bites you.
* * * LOW HITPOINT WARNING * * *
Your bat misses the quokka. The quokka bites you.
You die...

......∩.......# ....
..............# #...##
####..........# ......
#..).......####......
#...†................
####....................
............†........#..
................br......
................@)!..#.
........................
†....................###
.....................#
.....................#
###.########.#########
###..####....
............ #####.###..


You could see a quokka (ally target) and a friendly bat (summoned).

Vanquished Creatures
  A kobold (D:1)
1 creature vanquished.

Vanquished Creatures (collateral kills)
  A giant cockroach (D:1)
  A hobgoblin (D:1)
  A quokka (D:1)
  2 bats (D:1)
  A kobold (D:1)
  A rat (D:1)
7 creatures vanquished.

Grand Total: 8 creatures vanquished

Notes
Turn   | Place    | Note
-------+----------+-------------------------------------------
     0 | D:1      | cforsyth the Tengu Summoner began the quest for the Orb.
     0 | D:1      | Reached XP level 1. HP: 10/10 MP: 4/4
    73 | D:1      | Found Voitel's Antique Weapon Shop.
    86 | D:1      | Reached skill level 5 in Summonings
   137 | D:1      | Reached XP level 2. HP: 11/15 MP: 3/6
   140 | D:1      | Learned a level 2 spell: Call Imp
   185 | D:1      | Slain by a quokka

Illustrated notes

Levels and vault maps discovered:
D:1:      dpeg_arrival_rhombus, layout_basic, serial_shops, shop,
          nicolae_shop_bloodbath_and_beyond, shop, shop, shop

Skill      XL: |  1 |
---------------+----+-----
Summonings     | 5 |  5.1
Dodging        | |  2.1
Stealth        | |  2.0
Spellcasting   | |  2.3

Action                     || total
---------------------------++-------
  Melee: Unarmed           ||     6
         Kick              ||     2
         Peck              ||     1
   Cast: Summon Small Mamm ||    10
   Stab: Distracted        ||     1
 Armour: Robe              ||     3
  Dodge: Dodged            ||    14

Table legend: (Time is in decaauts)
 A = Elapsed time spent in this place.
 B = Non-inter-level travel time spent in this place.
 C = Inter-level travel time spent in this place.
 D = Time resting spent in this place.
 E = Time spent auto-exploring this place.
 F = Levels seen in this place.
 G = Mean time per level.
                   A        B        C        D        E       F      G
               +--------+--------+--------+--------+--------+-----+--------+
         Total |    185 |    185 |      0 |      0 |    106 |   1 |  185.0 |
       Dungeon |    185 |    185 |      0 |      0 |    106 |   1 |  185.0 |
               +--------+--------+--------+--------+--------+-----+--------+

Top non-repeatable levels by time:
     D:1: 185 daAuts
